 Dungeon Crawl Stone Soup version 0.18.1-47-g9310371 (webtiles) character file.

9391 Gagarin the Blocker (level 11, -1/87 HPs)
             Began as a Formicid Fighter on June 13, 2016.
             Was a Believer of Okawaru.
             Succumbed to a killer bee's poison
             ... on level 9 of the Dungeon.
             The game lasted 00:35:51 (11029 turns).

Gagarin the Blocker (Formicid Fighter)             Turns: 11029, Time: 00:35:52

Health: -1/87      AC: 11    Str: 22 (24) XL:     11   Next: 73%
Magic:  1/14       EV: 12    Int:  6 (8)  God:    Okawaru [**....]
Gold:   454        SH: 12    Dex:  9 (10) Spells: 0 memorised, 14 levels left

rFire  . . .     SeeInvis +     F - +3 scimitar
rCold  . . .     Gourm    .     b - +0 scale mail
rNeg   + . .     Faith    .     c - +0 shield
rPois  .         Spirit   +     (helmet unavailable)
rElec  .         Dismiss  .     s - +0 cloak {MR+}
rCorr  .         Reflect  .     (no gloves)
SustAt .         Harm     .     n - +0 pair of boots
MR     ++...                    C - amulet of guardian spirit
Stlth  ..........               (no ring)
                                p - ring of positive energy

@: lethally poisoned (-1 -> -24), very resistant to hostile enchantments,
extremely unstealthy
A: permanent stasis, dig shafts and tunnels, four strong arms, antennae 3
a: Dig, Shaft Self, Heroism, Renounce Religion


You were on level 9 of the Dungeon.
You worshipped Okawaru.
Okawaru was pleased with you.
You were hungry.

You visited 2 branches of the dungeon, and saw 10 of its levels.
You also visited: Bailey.

You collected 454 gold pieces.

Inventory:

Hand Weapons
 a - a +0 long sword
 v - a +0 falchion
 y - a +1 dagger of speed
 F - a +3 scimitar (weapon)
 G - a +0 shortbow
 P - a +1 hand axe of electrocution
 S - a +0 hand crossbow
Missiles
 j - 58 bolts
 k - 251 arrows
 U - 3 javelins (quivered)
Armour
 b - a +0 scale mail (worn)
 c - a +0 shield (worn)
 d - a +0 ring mail
 n - a +0 pair of boots (worn)
 s - a +0 cloak of magic resistance (worn)
 Q - a troll hide
Jewellery
 p - a ring of positive energy (left hand)
 C - an amulet of guardian spirit (around neck)
 I - an uncursed ring of ice
 K - an uncursed ring of wizardry
 M - an uncursed amulet of the gourmand {unknown}
Wands
 m - a wand of slowing (23/48)
 B - a wand of lightning (1/15)
 D - a wand of flame (25/48)
 E - a wand of polymorph (11/24)
 L - a wand of slowing (30/48)
 R - a wand of disintegration (14/24)
Scrolls
 e - 2 scrolls of remove curse
 i - 13 scrolls of identify
 q - 3 scrolls of amnesia
 t - a scroll of teleportation
 u - a scroll of fog
 T - a scroll of holy word {unknown}
Potions
 g - 4 potions of agility
 w - a potion of might
 x - 2 potions of mutation
 z - 2 potions of haste
Books
 r - Sif Muna's Tome of Combat Magic
   (You found it on level 3 of the Dungeon)

   Spells                             Type                      Level
   a - Sting                          Conjuration/Poison           1
Comestibles
 f - 5 bread rations
 h - 27 fruits
 l - 5 meat rations
 J - a slice of pizza


   Skills:
 + Level 8.4 Fighting
 + Level 2.4(5.3) Short Blades
 + Level 7.6(7.8) Long Blades
 + Level 2.1 Axes
 + Level 1.7 Bows
 + Level 2.4 Crossbows
 + Level 2.1 Throwing
 + Level 8.3 Armour
 + Level 6.5 Dodging
 - Level 0.3 Stealth
 + Level 10.1 Shields
 + Level 2.2 Unarmed Combat
 + Level 2.2 Spellcasting
 + Level 2.6 Invocations
 + Level 2.3 Evocations


You had 14 spell levels left.
You didn't know any spells.

Dungeon Overview and Level Annotations

Branches:
Dungeon (9/15)             Temple (1/1) D:7
   Lair: D:8-11         Orc: D:9-12

Altars:
Ashenzari
Cheibriados
Dithmenos
Elyvilon
Fedhas
Gozag
Kikubaaqudgha
Makhleb
Nemelex Xobeh
Okawaru
Pakellas
Qazlal
Ru
Sif Muna
Trog
Vehumet
Xom
Yredelemnul
Zin


Innate Abilities, Weirdness & Mutations

You are under a permanent stasis effect.
You can dig through walls and to a lower floor.
Your four strong arms can wield two-handed weapons with a shield.
You have a pair of large antennae on your head (SInv).


Message History

* * * LOW HITPOINT WARNING * * *
You block the killer bee's attack.
You miss the killer bee.
The killer bee is almost dead.
* * * LOW HITPOINT WARNING * * *
You feel very sick. The killer bee stings you.
* * * LOW HITPOINT WARNING * * *
You are more poisoned.
The killer bee poisons you! The killer bee misses you.
You miss the killer bee.
The killer bee is almost dead.
* * * LOW HITPOINT WARNING * * *
You feel sick.
The killer bee stings you but does no damage.
The killer bee stings you.
* * * LOW HITPOINT WARNING * * *
You miss the killer bee.
The killer bee is almost dead.
You die...

.........##
##.................
.....#...#
#.................
.....#####
#####...........##
.....#
#..........###
.....#
##.#.........#.
.....#
##y.y...........
#..###
##y#y............
.###
##y#.##.#.........
##
#@#............#..
##
###..#..........#.
.# #...............
## ##.#.#..........
# ##.............
##............
#...........


You could see 2 killer bees.

Vanquished Creatures
  The ghost of Rationalist the Skirmisher, a novice MiBe of Trog (D:6)
  2 trolls (D:9)
  A hungry ghost (D:9)
  Menkaure (D:7)
  Edmund (D:4)
  A water moccasin (D:9)
  4 orc warriors
  An ice beast (D:4)
  2 black bears
  2 sky beasts
  3 phantoms
  2 ogres
  3 centaurs
  A big kobold (D:8)
  Blork the orc (D:4)
  2 giant frogs
  A wyvern skeleton (D:8)
  2 killer bees (D:9)
  7 wights (D:7)
  8 howler monkeys
  2 crimson imps
  A giant frog zombie (D:6)
  A quasit (D:6)
  2 hounds
  6 orc wizards
  An orc priest (D:8)
  A jelly (D:8)
  A gnoll shaman (D:6)
  Jessica (D:3)
  Terence (D:3)
  Natasha (thrice) (D:3)
  4 iguanas
  8 worker ants
  2 hound zombies
  A worker ant zombie (D:8)
  6 adders
  7 gnolls
  3 shadow imps
  2 oozes
  3 adder skeletons
  2 worms (D:2)
  3 giant geckos
  40 orcs
  2 ball pythons
  2 bats (D:1)
  5 giant cockroaches
  4 hobgoblins
  10 jackals
  2 quokkas
  A giant gecko zombie (D:5)
  3 giant newts
  6 goblins
  5 kobolds
  5 rats
192 creatures vanquished.

Notes
Turn   | Place    | Note
--------------------------------------------------------------
     0 | D:1      | Gagarin the Formicid Fighter began the quest for the Orb.
     0 | D:1      | Reached XP level 1. HP: 18/18 MP: 1/1
   172 | D:1      | Reached XP level 2. HP: 24/24 MP: 2/2
   610 | D:2      | Reached skill level 4 in Shields
   642 | D:2      | Reached XP level 3. HP: 29/29 MP: 3/3
   775 | D:2      | Found a stormy altar of Qazlal.
  1177 | D:3      | Reached XP level 4. HP: 37/37 MP: 4/4
  1309 | D:3      | Noticed Terence
  1322 | D:3      | Killed Terence
  1397 | D:3      | Noticed Jessica
  1404 | D:3      | Killed Jessica
  1404 | D:3      | Reached XP level 5. HP: 33/42 MP: 5/5
  1436 | D:3      | Noticed Natasha
  1443 | D:3      | Killed Natasha
  1443 | D:3      | Reached skill level 1 in Dodging
  1550 | D:3      | Found an opulent altar of Gozag.
  1587 | D:3      | Noticed Natasha
  1600 | D:3      | Killed Natasha
  1816 | D:3      | Noticed Natasha
  1828 | D:3      | Killed Natasha
  1828 | D:3      | Reached skill level 5 in Shields
  1956 | D:3      | Reached XP level 6. HP: 48/48 MP: 6/6
  2324 | D:3      | Found a deep blue altar of Sif Muna.
  2432 | D:3      | Identified Sif Muna's Tome of Combat Magic
  2569 | D:4      | Noticed an ice beast
  2569 | D:4      | Noticed a black bear
  2616 | D:3      | HP: 1/49 [black bear (6)]
  2624 | D:3      | Killed a black bear
  2624 | D:3      | Reached XP level 7. HP: 25/55 MP: 7/7
  3270 | D:4      | Reached skill level 5 in Armour
  3639 | D:4      | Noticed Blork the orc
  3650 | D:4      | Killed Blork the orc
  3656 | D:4      | Reached skill level 6 in Shields
  3660 | D:4      | Reached XP level 8. HP: 47/61 MP: 8/8
  3662 | D:4      | Noticed Edmund
  3671 | D:4      | Killed Edmund
  3905 | D:4      | Found a shadowy altar of Dithmenos.
  4190 | D:5      | Entered Level 5 of the Dungeon
  4225 | D:5      | Reached skill level 5 in Fighting
  5004 | D:6      | Reached skill level 7 in Shields
  5079 | D:6      | Found a blossoming altar of Fedhas.
  5091 | D:6      | Noticed Rationalist's ghost (novice MiBe)
  5094 | D:6      | Reached skill level 5 in Long Blades
  5140 | D:5      | Reached XP level 9. HP: 18/68 MP: 9/9
  6840 | D:7      | Reached skill level 8 in Shields
  7180 | D:7      | Noticed Menkaure
  7532 | D:6      | Killed Rationalist's ghost
  7532 | D:6      | Reached skill level 5 in Dodging
  7532 | D:6      | Reached XP level 10. HP: 33/77 MP: 10/10
  7896 | D:7      | Killed Menkaure
  8054 | D:7      | Found a staircase to the Ecumenical Temple.
  8061 | Temple   | Entered the Ecumenical Temple
  8105 | Temple   | Became a worshipper of Warmaster Okawaru
  8296 | D:8      | Reached skill level 9 in Shields
  8843 | D:8      | Reached * piety under Okawaru
  9452 | D:9      | Paralysed by fainting for 11 turns
  9999 | D:9      | Found a flagged portal.
 10015 | Bailey   | Entered a bailey
 10042 | Bailey   | Gained mutation: Your system is resistant to poisons. [potion of mutation]
 10042 | Bailey   | Gained mutation: You are partially covered in icy blue scales (AC +1). [potion of mutation]
 10042 | Bailey   | Gained mutation: Your mind is acute. (Int +2) [potion of mutation]
 10045 | Bailey   | Reached skill level 1 in Bows
 10045 | Bailey   | Reached skill level 10 in Shields
 10045 | Bailey   | Reached XP level 11. HP: 18/87 MP: 0/14
 10054 | Bailey   | HP: 6/130 [orc warrior/halberd (3)]
 10493 | Bailey   | Lost mutation: Your mind is acute. (Int +2) [potion of cure mutation]
 10493 | Bailey   | Lost mutation: Your system is resistant to poisons. [potion of cure mutation]
 10493 | Bailey   | Lost mutation: You are partially covered in icy blue scales (AC +1). [potion of cure mutation]
 11013 | D:9      | Reached ** piety under Okawaru
 11028 | D:9      | HP: 3/87 [poisoned by a killer bee]
 11028 | D:9      | HP: 1/87 [killer bee (2)]
 11029 | D:9      | Succumbed to a killer bee's poison

Skill      XL: |  1  2  3  4  5  6  7  8  9 10 |
---------------+-------------------------------+-----
Shields        | 4 5 6 7 8 10 | 10.1
Fighting       | 4 5 6 8 |  8.4
Armour         | 4 5 6 7 8 |  8.3
Dodging        | 1 3 5 6 |  6.5
Long Blades    | 3 4 5 6 7 |  7.6
Short Blades   | 2 |  2.4
Axes           | 2 |  2.1
Bows           | 1 |  1.7
Crossbows      | 2 |  2.4
Throwing       | 2 |  2.1
Unarmed Combat | 2 |  2.2
Spellcasting   | 2 |  2.2
Invocations    | 2 |  2.6
Evocations     | 2 |  2.3
Stealth        | |  0.3

Action                   |  1- 3 |  4- 6 |  7- 9 | 10-12 || total
-------------------------+-------+-------+-------+-------++-------
Melee: Long sword        |    82 |   123 |   336 |       ||   541
       Scimitar          |       |       |   107 |   196 ||   303
 Fire: Hand crossbow     |       |       |       |    26 ||    26
 Abil: Dig               |       |     1 |     4 |     4 ||     9
Evoke: Wand              |       |       |       |     3 ||     3
  Use: Potion            |       |     5 |     1 |    11 ||    17
       Scroll            |       |       |       |     6 ||     6
  Eat: Chunk             |     1 |     5 |    16 |     1 ||    23
       Beef jerky        |       |       |       |     3 ||     3
       Meat ration       |       |       |       |     1 ||     1
       Fruit             |       |       |       |     1 ||     1
       Pizza             |       |       |       |     1 ||     1
Armor: Scale mail        |    37 |    51 |   134 |    86 ||   308
       Skin              |       |       |       |    37 ||    37
Dodge: Dodged            |    21 |    54 |   161 |   172 ||   408
Block: Shield            |    32 |    73 |   281 |   226 ||   612
